NCAA
TEXAS A&M AGGIES @ PURDUE BOILERMAKERS
05/04/2024
 
TOP OF THE 1ST
Texas A&M Aggies batting - Pitching for Purdue Boilermakers : RHP Henry Webster
Pitching: RHP Henry Webster
Batting: LHB Dave Bryant 0-0: Fly out, F4 (Line Drive, 4S)
Batting: RHB Julian Lee 0-0: Ball
1-0: Ball
2-0: Ball
3-0: Foul Ball, location: 2F
3-1: Foul Ball, location: 2F
3-2: Foul Ball, location: 2F
3-2: Strikes out looking
Batting: RHB Ryan Hilton 0-0: Called Strike
0-1: Ball
1-1: SINGLE (Groundball, 34D)
Batting: RHB Chance May 0-0: Ball
1-0: Swinging Strike
1-1: Ball
2-1: Ball
3-1: Foul Ball, location: 2F
3-2: Strikes out looking
Top of the 1st over - 0 run(s), 1 hit(s), 0 error(s), 1 left on base; Texas A&M 0 - Purdue 0
BOTTOM OF THE 1ST
Purdue Boilermakers batting - Pitching for Texas A&M Aggies : RHP Alex Weston
Pitching: RHP Alex Weston
Batting: RHB Bill Crawley 0-0: Ball
1-0: Ball
2-0: Ball
3-0: Called Strike
3-1: Fly out, F3 (Popup, 3DF)
Batting: RHB John Jamison 0-0: Fly out, F3 (Popup, 34S)
Batting: RHB Norm Scott 0-0: Foul Ball, location: 2F
0-1: Swinging Strike
0-2: Foul Ball, location: 2F
0-2: Ball
1-2: Foul Ball, location: 2F
1-2: Ball
2-2: Ball
3-2: Foul Ball, location: 2F
3-2: Base on Balls
Batting: RHB Jeff Mason 0-0: Fly out, F8 (Flyball, 8RXD)
Bottom of the 1st over - 0 run(s), 0 hit(s), 0 error(s), 1 left on base; Texas A&M 0 - Purdue 0
TOP OF THE 2ND
Texas A&M Aggies batting - Pitching for Purdue Boilermakers : RHP Henry Webster
Batting: SHB Clint Woods 0-0: Ball
1-0: Called Strike
1-1: Swinging Strike
1-2: Ball
2-2: Ball
3-2: Strikes out swinging
Batting: RHB Chris Burrell 0-0: SINGLE (Line Drive, 6D)
Batting: LHB Vicente Rangel 0-0: Called Strike
0-1: Ball
1-1: Ball
2-1: Called Strike
2-2: Strikes out swinging
Batting: SHB Jason Mason 0-0: Ball
1-0: Ball
2-0: Called Strike
2-1: Fly out, F8 (Flyball, 8LM)
Top of the 2nd over - 0 run(s), 1 hit(s), 0 error(s), 1 left on base; Texas A&M 0 - Purdue 0
BOTTOM OF THE 2ND
Purdue Boilermakers batting - Pitching for Texas A&M Aggies : RHP Alex Weston
Batting: RHB Glenn Broadwater 0-0: Ball
1-0: Ball
2-0: Foul Ball, location: 2F
2-1: Ball
3-1: Foul Ball, location: 2F
3-2: Foul Ball, location: 2F
3-2: Base on Balls
Batting: LHB Richard Brooks 0-0: Called Strike
0-1: Ball
1-1: Swinging Strike
1-2: Foul Ball, location: 2F
1-2: Ball
2-2: Foul Ball, location: 2F
2-2: Strikes out swinging
Batting: RHB José Rivera 0-0: Grounds into double play, 5-4-3 (Groundball, 56)
Bottom of the 2nd over - 0 run(s), 0 hit(s), 0 error(s), 0 left on base; Texas A&M 0 - Purdue 0
TOP OF THE 3RD
Texas A&M Aggies batting - Pitching for Purdue Boilermakers : RHP Henry Webster
Batting: SHB Bill Butler 0-0: Called Strike
0-1: Swinging Strike
0-2: Ball
1-2: Ball
2-2: Reached on error, E4 (Groundball, 34)
Batting: LHB Dave Bryant 0-0: Ball
1-0: Called Strike
1-1: Swinging Strike
1-2: Strikes out looking
Batting: RHB Julian Lee 0-0: Ball
1-0: Called Strike
1-1: SINGLE (Groundball, 6M)
Bill Butler to third
Runner from 3rd tries for Home, SAFE, throw made home
Batting: RHB Ryan Hilton 0-0: Ball
1-0: Ball
2-0: Called Strike
2-1: Swinging Strike
2-2: Foul Ball, location: 2F
2-2: Ball
3-2: Strikes out swinging
Julian Lee is caught stealing 2nd base
Batter strikes out.
Top of the 3rd over - 1 run(s), 1 hit(s), 1 error(s), 0 left on base; Texas A&M 1 - Purdue 0
BOTTOM OF THE 3RD
Purdue Boilermakers batting - Pitching for Texas A&M Aggies : RHP Alex Weston
Batting: RHB Ricardo Velásquez 0-0: Ball
1-0: SINGLE (Flyball, 7S)
Batting: RHB Ryan Brown 0-0: Called Strike
Ricardo Velásquez steals 2nd base
0-1: Ball
1-1: Foul Ball, location: 2F
1-2: DOUBLE (Line Drive, 78M)
Ricardo Velásquez scores
Batting: RHB Bill Crawley 0-0: Foul Ball, location: 2F
0-1: Ground out 6-3 (Groundball, 6)
Batting: RHB John Jamison 0-0: Ball
1-0: Called Strike
1-1: Foul Ball, location: 2F
1-2: Ball
2-2: SINGLE (Groundball, 6M)
Ryan Brown to third
Runner from 3rd tries for Home, throw and OUT!
John Jamison to second
Now in CF: Dan Dunn
Batting: RHB Norm Scott 0-0: Ball
1-0: Ball
2-0: Swinging Strike
2-1: Swinging Strike
2-2: Fly out, F4 (Popup, 4MD)
Bottom of the 3rd over - 1 run(s), 3 hit(s), 0 error(s), 1 left on base; Texas A&M 1 - Purdue 1
TOP OF THE 4TH
Texas A&M Aggies batting - Pitching for Purdue Boilermakers : RHP Henry Webster
Batting: RHB Chance May 0-0: Called Strike
0-1: Ball
1-1: Ball
2-1: Called Strike
2-2: Ground out 3-1 (Groundball, 34)
Batting: SHB Clint Woods 0-0: Ball
1-0: Ground out 4-3 (Groundball, 4)
Batting: RHB Chris Burrell 0-0: Fly out, F7 (Flyball, 78M)
Top of the 4th over - 0 run(s), 0 hit(s), 0 error(s), 0 left on base; Texas A&M 1 - Purdue 1
BOTTOM OF THE 4TH
Purdue Boilermakers batting - Pitching for Texas A&M Aggies : RHP Alex Weston
Batting: RHB Jeff Mason 0-0: Ground out 6-3 (Groundball, 6)
Batting: RHB Glenn Broadwater 0-0: Ball
1-0: Called Strike
1-1: Called Strike
1-2: Ball
2-2: Strikes out swinging
Batting: LHB Richard Brooks 0-0: Called Strike
0-1: Ball
1-1: Called Strike
1-2: DOUBLE (Line Drive, 9LM)
Batting: RHB José Rivera 0-0: SINGLE (Line Drive, 56D)
Richard Brooks to third
Runner from 3rd tries for Home, SAFE, no throw or cutoff
Batting: RHB Ricardo Velásquez 0-0: Ball
1-0: Ball
2-0: Ball
3-0: Base on Balls
José Rivera to second
Batting: RHB Ryan Brown 0-0: Foul Ball, location: 2F
0-1: Ground out 5-3 (Groundball, 5)
Bottom of the 4th over - 1 run(s), 2 hit(s), 0 error(s), 2 left on base; Texas A&M 1 - Purdue 2
TOP OF THE 5TH
Texas A&M Aggies batting - Pitching for Purdue Boilermakers : RHP Henry Webster
Batting: LHB Vicente Rangel 0-0: Ball
1-0: Swinging Strike
1-1: Ball
2-1: Ball
3-1: Called Strike
3-2: Strikes out swinging
Batting: SHB Jason Mason 0-0: Reached on error, E2 (Groundball, 25)
Batting: SHB Bill Butler 0-0: Foul Ball, location: 2F
0-1: Ball
1-1: Ball
2-1: Swinging Strike
2-2: Foul Ball, location: 2F
2-2: Ball
3-2: Strikes out swinging
Jason Mason is caught stealing 2nd base
Batter strikes out.
Top of the 5th over - 0 run(s), 0 hit(s), 1 error(s), 0 left on base; Texas A&M 1 - Purdue 2
BOTTOM OF THE 5TH
Purdue Boilermakers batting - Pitching for Texas A&M Aggies : RHP Alex Weston
Batting: RHB Bill Crawley 0-0: Called Strike
0-1: Bunted foul
0-2: Foul Ball, location: 2F
0-2: Ball
1-2: Fly out, F9 (Flyball, 9LMF)
Batting: RHB John Jamison 0-0: Swinging Strike
0-1: Foul Ball, location: 2F
0-2: Ball
1-2: Ball
2-2: Foul Ball, location: 2F
2-2: Ball
3-2: Foul Ball, location: 2F
3-2: Base on Balls
Pitching: RHP Gene Whitley
Batting: RHB Norm Scott 0-0: Ball
1-0: Ball
2-0: Ball
3-0: Called Strike
3-1: 2-RUN HOME RUN (Flyball, 9LD), Distance : 350 ft
Batting: RHB Jeff Mason 0-0: Ball
1-0: Called Strike
1-1: Called Strike
1-2: Foul Ball, location: 2F
1-2: Ball
2-2: Ball
3-2: Strikes out swinging
Batting: RHB Glenn Broadwater 0-0: Swinging Strike
0-1: Ball
1-1: DOUBLE (Flyball, 7LM)
Batting: LHB Richard Brooks 0-0: Ball
1-0: Ball
2-0: Swinging Strike
2-1: Foul Ball, location: 2F
2-2: Strikes out swinging
Bottom of the 5th over - 2 run(s), 2 hit(s), 0 error(s), 1 left on base; Texas A&M 1 - Purdue 4
TOP OF THE 6TH
Texas A&M Aggies batting - Pitching for Purdue Boilermakers : RHP Henry Webster
Batting: LHB Dave Bryant 0-0: Foul Ball, location: 2F
0-1: Ball
1-1: Ball
2-1: Ground out 4-3 (Groundball, 4)
Pitching: RHP Michael Lewis
Batting: SHB Dan Dunn 0-0: Ball
1-0: Swinging Strike
1-1: Called Strike
1-2: DOUBLE (Line Drive, 7LS)
Batting: RHB Ryan Hilton 0-0: Ball
1-0: Called Strike
1-1: Called Strike
1-2: Fly out, F7 (Flyball, 78XD)
Runner from 2nd tags up, SAFE at 3rd, no throw
Batting: RHB Chance May 0-0: Ball
1-0: Called Strike
1-1: SINGLE (Groundball, 56S)
Dan Dunn scores
Batting: SHB Clint Woods 0-0: Ball
1-0: Ball
2-0: Ball
3-0: Called Strike
3-1: Fielders Choice at 2nd, U4 (Groundball, 4M)
Top of the 6th over - 1 run(s), 2 hit(s), 0 error(s), 1 left on base; Texas A&M 2 - Purdue 4
BOTTOM OF THE 6TH
Purdue Boilermakers batting - Pitching for Texas A&M Aggies : RHP Gene Whitley
Batting: RHB José Rivera 0-0: Ball
1-0: Ball
2-0: Ball
3-0: Called Strike
3-1: Base on Balls
Batting: RHB Ricardo Velásquez 0-0: Ball
1-0: Fly out, F3 (Popup, 3DF)
Batting: RHB Ryan Brown 0-0: Called Strike
0-1: Foul Ball, location: 2F
0-2: Ball
1-2: Ball
2-2: Ball
3-2: Grounds into double play, 5-4-3 (Groundball, 56)
Bottom of the 6th over - 0 run(s), 0 hit(s), 0 error(s), 0 left on base; Texas A&M 2 - Purdue 4
TOP OF THE 7TH
Texas A&M Aggies batting - Pitching for Purdue Boilermakers : RHP Michael Lewis
Batting: RHB Chris Burrell 0-0: Ball
1-0: Called Strike
1-1: SOLO HOME RUN (Line Drive, 7D), Distance : 409 ft
Batting: LHB Vicente Rangel 0-0: Ball
1-0: Ground out U3 (Groundball, 3)
Batting: SHB Jason Mason 0-0: Called Strike
0-1: Foul Ball, location: 2F
0-2: Strikes out looking
Batting: SHB Bill Butler 0-0: Ball
1-0: Swinging Strike
1-1: Ball
2-1: Foul Ball, location: 2F
2-2: Foul Ball, location: 2F
2-2: Strikes out looking
Top of the 7th over - 1 run(s), 1 hit(s), 0 error(s), 0 left on base; Texas A&M 3 - Purdue 4
BOTTOM OF THE 7TH
Purdue Boilermakers batting - Pitching for Texas A&M Aggies : RHP Gene Whitley
Batting: RHB Bill Crawley 0-0: Ball
1-0: Ball
2-0: Swinging Strike
2-1: Foul Ball, location: 2F
2-2: Ball
3-2: Strikes out looking
Pitching: RHP Ken Little
Batting: RHB John Jamison 0-0: Swinging Strike
0-1: Foul Ball, location: 2F
0-2: Foul Ball, location: 2F
0-2: Ball
1-2: Ball
2-2: Strikes out swinging
Batting: RHB Norm Scott 0-0: Called Strike
0-1: SINGLE (Groundball, 56D)
Batting: RHB Jeff Mason 0-0: Ball
1-0: Ball
2-0: Fly out, F9 (Flyball, 89M)
Bottom of the 7th over - 0 run(s), 1 hit(s), 0 error(s), 1 left on base; Texas A&M 3 - Purdue 4
TOP OF THE 8TH
Texas A&M Aggies batting - Pitching for Purdue Boilermakers : RHP Michael Lewis
Pitching: LHP Allen Beck
Batting: LHB Dave Bryant 0-0: Called Strike
0-1: Swinging Strike
0-2: Ground out 4-3 (Groundball, 34)
Pitching: RHP Scot Wright
Batting: SHB Dan Dunn 0-0: Called Strike
0-1: SINGLE (Groundball, 34D)
Batting: RHB Ryan Hilton 0-0: Ball
1-0: Called Strike
1-1: Ball
2-1: Swinging Strike
2-2: SINGLE (Flyball, 89M)
Dan Dunn to second
Batting: RHB Chance May 0-0: Reached on Error, E8 (Flyball, 8RM)
Dan Dunn to third
Ryan Hilton to second
Batting: SHB Clint Woods 0-0: Ball
1-0: Grounds into fielders choice 1-2 (Groundball, 25)
Ryan Hilton to third
Chance May to second
Batting: RHB Chris Burrell 0-0: Swinging Strike
0-1: Foul Ball, location: 2F
0-2: Ball
1-2: Strikes out swinging
Top of the 8th over - 0 run(s), 2 hit(s), 1 error(s), 3 left on base; Texas A&M 3 - Purdue 4
BOTTOM OF THE 8TH
Purdue Boilermakers batting - Pitching for Texas A&M Aggies : RHP Ken Little
Batting: RHB Glenn Broadwater 0-0: Ground out 1-3 (Groundball, 15)
Batting: LHB Richard Brooks 0-0: Ball
1-0: Foul Ball, location: 2F
1-1: SINGLE (Line Drive, 34D)
Batting: RHB José Rivera 0-0: Ball
1-0: Ball
Wild Pitch!
Richard Brooks to second
2-0: Called Strike
2-1: Ball
3-1: SINGLE (Flyball, 8LS) - OUT at second base trying to stretch hit.
Richard Brooks scores
Batting: RHB Ricardo Velásquez 0-0: Foul Ball, location: 2F
0-1: Foul Ball, location: 2F
0-2: Fly out, F7 (Flyball, 7LM)
Bottom of the 8th over - 1 run(s), 2 hit(s), 0 error(s), 0 left on base; Texas A&M 3 - Purdue 5
TOP OF THE 9TH
Texas A&M Aggies batting - Pitching for Purdue Boilermakers : RHP Scot Wright
Pitching: RHP José Mejía
Batting: LHB Vicente Rangel 0-0: Ball
1-0: Foul Ball, location: 2F
1-1: Ball
2-1: Ball
3-1: Ground out 6-3 (Groundball, 6M)
Batting: SHB Jason Mason 0-0: Called Strike
0-1: Ball
1-1: Swinging Strike
1-2: Foul Ball, location: 2F
1-2: Fly out, F4 (Line Drive, 34)
Batting: SHB Bill Butler 0-0: Ball
1-0: Foul Ball, location: 2F
1-1: Fly out, F8 (Line Drive, 8LM)
Top of the 9th over - 0 run(s), 0 hit(s), 0 error(s), 0 left on base; Texas A&M 3 - Purdue 5
This league is powered by Out of the Park Baseball, the baseball management simulation game for PC, Mac and Linux
Saturday, April 9th, 2016 - OOTP Baseball 16.8 Build 38